 Dungeon Crawl Stone Soup version 0.29-a0-902-g0f71de6fce (webtiles) character file.

Game seed: 3029827162613958771

190406 CannotBeFrozen the Severer (level 16, 0/139 HPs)
             Began as a Demigod Fighter on July 24, 2022.
             Slain by a merfolk impaler
             ... wielding a +4 trident of freezing
              (11 damage)
             ... on level 3 of the Shoals.
             The game lasted 02:04:41 (36979 turns).

CannotBeFrozen the Severer (Demigod Fighter)       Turns: 36979, Time: 02:04:42

Health: 0/139      AC: 31    Str: 29    XL:     16   Next: 99%
Magic:  0/22       EV: 14    Int: 10    God:
Gold:   1910       SH: 26    Dex: 23    Spells: 18/18 levels left

rFire   + . .      SeeInvis .   b - +4 broad axe (flame)
rCold   . . .      Faith    .   l - +4 kite shield "Jexkeage" {Will+ Dex+2}
rNeg    . . .      Spirit   +   e - +2 plate armour {rF+}
rPois   .          Reflect  .   q - +2 helmet
rElec   .          Harm     .   g - +2 cloak {rCorr}
rCorr   +          Rampage  ∞   t - +1 Delatra's gloves {ID++}
Will    ++...                   L - +3 pair of seven-league boots {Rampage+∞}
Stlth   ..........              f - brooch of Shielding {Spirit SH+8}
HPRegen 0.33/turn               Y - +4 ring of slaying {=R}
MPRegen 0.18/turn               F - ring of flight

@: mighty, attractive, flying, hasted, studying 2 skills, very quick
A: high MP 1, forlorn, divine attributes
}: 1/15 runes: gossamer
a: no special abilities


You were on level 3 of the Shoals.
You visited 5 branches of the dungeon, and saw 30 of its levels.
You also visited: Ice Cave.

You collected 3273 gold pieces.
You spent 1363 gold pieces at shops.

Inventory:

Hand Weapons
 a - a +2 broad axe of freezing
 b - a +4 broad axe of flaming (weapon)
 w - the +7 battleaxe "Jellybane" {freeze, rElec rF- Dex+3 Stlth+}
   (You bought it in a shop on level 2 of the Orcish Mines)

   It freezes those it strikes, dealing additional cold damage.
   It can also slow down cold-blooded creatures.
   Dex:       It affects your dexterity (+3).
   rF:        It makes you vulnerable to fire.
   rElec:     It insulates you from electricity.
   Stlth:     It makes you more stealthy.
Missiles
 o - 9 throwing nets {=f=F}
 M - 15 javelins
Armour
 e - a +2 plate armour of fire resistance (worn)
 g - a +2 cloak of preservation (worn)
 l - the +4 kite shield "Jexkeage" (worn) {Will+ Dex+2}
   (You took it off a gnoll sergeant on level 6 of the Dungeon)

   Dex:       It affects your dexterity (+2).
   Will:      It increases your willpower.
 q - a +2 helmet (worn)
 t - the +1 Delatra's gloves (worn) {ID++}
   (You found it on level 3 of the Dungeon)

   It heals its wearer when they drink unknown potions.
   It restores its wearer's MP when they read unknown scrolls.
 L - the +3 pair of seven-league boots (worn) {Rampage+∞}
   (You acquired it on level 5 of the Lair of Beasts)

   Its wearer moves as far as possible in that direction when moving towards
   enemies.
Jewellery
 f - the brooch of Shielding (around neck) {Spirit SH+8}
   (You bought it in a shop on level 2 of the Orcish Mines)

   [amulet of guardian spirit]

   It causes incoming damage to be divided between your reserves of health and
   magic.
   SH:        It affects your SH (+8).
 C - the ring "Rioc" {rC+ Dex+3}
   (You found it in an ice cave)

   [ring of protection from cold]

   Dex:       It affects your dexterity (+3).
   rC:        It protects you from cold.
 F - a ring of flight (right hand)
 I - a ring of see invisible
 N - a ring of positive energy
 P - a ring of poison resistance
 W - a ring of willpower
 Y - a +4 ring of slaying (left hand) {=R}
Wands
 v - a wand of quicksilver (27)
 x - a wand of polymorph (9)
 y - a wand of roots (16)
 B - a wand of flame (26) (quivered)
 S - a wand of mindburst (23)
 X - a wand of charming (21)
Scrolls
 h - 6 scrolls of immolation
 k - 12 scrolls of teleportation {@r2}
 m - 2 scrolls of brand weapon
 n - 3 scrolls of silence
 r - 2 scrolls of vulnerability
 z - 3 scrolls of fear
 A - 11 scrolls of identify {@r1}
 Q - a scroll of poison
 T - a scroll of summoning
 U - 4 scrolls of fog
 V - 4 scrolls of magic mapping
 Z - 3 scrolls of enchant armour
Potions
 d - 3 potions of might
 p - a potion of magic
 s - 3 potions of ambrosia
 u - 5 potions of brilliance
 D - 3 potions of haste
 E - 3 potions of lignification
 G - 5 potions of invisibility
 H - 8 potions of curing {@q1}
 J - 2 potions of resistance
 K - 4 potions of mutation
 O - 5 potions of cancellation
 R - 4 potions of attraction
Miscellaneous
 i - a phial of floods


   Skills:
 - Level 12.0 Fighting
 - Level 18.0 Axes
 - Level 12.0 Armour
 - Level 10.0 Dodging
 - Level 12.0 Shields
 + Level 1.5 Spellcasting
 - Level 10.0 Evocations


You had 18 spell levels left.
You didn't know any spells.
Your spell library contained the following spells:

 Spells                   Type           Power      Damage    Failure   Level
 Apportation              Tloc           0%         N/A       99%         1
 Freeze                   Ice            0%         1d3       99%         1
 Necrotise                Necr           0%         1d4       99%         1
 Shock                    Conj/Air       0%         1d3       99%         1
 Summon Small Mammal      Summ           0%         N/A       99%         1
 Ensorcelled Hibernation  Hex/Ice        0%         N/A       100%        2
 Passwall                 Tmut/Erth      0%         N/A       100%        2
 Static Discharge         Conj/Air       0%         3-3/arc   100%        2
 Call Canine Familiar     Summ           0%         N/A       100%        3
 Dazzling Flash           Conj/Hex       0%         N/A       100%        3
 Frozen Ramparts          Ice            0%         1d2       100%        3
 Summon Guardian Golem    Hex/Summ       0%         N/A       100%        3
 Swiftness                Air            0%         N/A       100%        3
 Airstrike                Air            0%         0-1+      100%        4
 Anguish                  Hex/Necr       0%         N/A       100%        4
 Animate Dead             Necr           0%         N/A       100%        4
 Cause Fear               Hex            0%         N/A       100%        4
 Corpse Rot               Necr/Pois/Air  0%         N/A       100%        4
 Dispel Undead            Necr           0%         3d6       100%        4
 Hailstorm                Conj/Ice       0%         3d3       100%        4
 Iskenderun's Mystic Bla  Conj/Tloc      0%         2d3       100%        4
 Leda's Liquefaction      Hex/Erth       0%         N/A       100%        4
 Passage of Golubria      Tloc           0%         N/A       100%        4
 Summon Ice Beast         Ice/Summ       0%         N/A       100%        4
 Summon Lightning Spire   Summ/Air       0%         N/A       100%        4
 Fireball                 Conj/Fire      0%         3d3       100%        5
 Iskenderun's Battlesphe  Conj           0%         2d6       100%        5
 Lee's Rapid Deconstruct  Erth           0%         3d5*      100%        5
 Lightning Bolt           Conj/Air       0%         1d11      100%        5
 Summon Mana Viper        Hex/Summ       0%         N/A       100%        5
 Death Channel            Necr           0%         N/A       100%        6
 Iron Shot                Conj/Erth      0%         9d1       100%        6
 Starburst                Conj/Fire      0%         6d3       100%        6
 Statue Form              Tmut/Erth      0%         N/A       100%        6
 Dragon Form              Tmut           0%         N/A       100%        7
 Enfeeble                 Hex            0%         N/A       100%        7
 Haunt                    Necr/Summ      0%         N/A       100%        7
 Monstrous Menagerie      Summ           0%         N/A       100%        7
 Spellforged Servitor     Conj/Summ      0%         N/A       100%        7
 Storm Form               Tmut/Air       0%         N/A       100%        7
 Infestation              Necr           0%         N/A       100%        8
 Maxwell's Capacitive Co  Air            0%         ∞         100%        8
 Dragon's Call            Summ           0%         N/A       100%        9


Dungeon Overview and Level Annotations

Branches:
Dungeon (15/15)            Temple (0/1) D:7            Lair (5/5) D:8
 Shoals (4/4) Lair:3       Spider (4/4) Lair:3        Slime (0/5) Lair:5
    Orc (2/2) D:9             Elf (0/3) Orc:2        Vaults (0/5) D:14
 Depths (0/4) D:15          IceCv (visited)

Shops:
D:3 [   Orc:1 (   Orc:2 ([=*?   Shoals:2 *

Portals:
Bazaar: Shoals:4
Trove: D:11 (give +3 fire dragon scales)

Annotations:
Shoals:4 Ilsuiw
Spider:1 3 runed translucent doors, Garessta's ghost, journeyman DjSu


Innate Abilities, Weirdness & Mutations

You have an increased reservoir of magic. (+10% MP)
You shall have no god before yourself.
Your divine heritage dramatically boosts your attributes as you level up.


Message History

The merfolk is attracted toward you.
The merfolk impaler is attracted toward you.
You barely miss the merfolk impaler.
The merfolk impaler is severely wounded.
You closely miss the merfolk impaler. You slice the merfolk impaler!!
You burn the merfolk impaler.
The merfolk impaler hits you with a +4 trident of freezing!!
* * * LOW HITPOINT WARNING * * *
The merfolk impaler freezes you!
* * * LOW HITPOINT WARNING * * *
You block the merfolk impaler's attack. The merfolk is attracted toward you.
The merfolk impaler is attracted toward you.
HP: 1/139 (-30) ------------ !!
Blink to where?
Press: ? - help, Dir - move target
As you read the scroll of blinking, it crumbles to dust.
The merfolk impaler is attracted toward you. x2
The merfolk is attracted toward you.
The merfolk impaler is attracted toward you.
The merfolk is attracted toward you.
The merfolk impaler is attracted toward you.
You block the merfolk's attack.
You fly upwards.
There is a stone staircase leading down here.
You feel better.
You block the merfolk impaler's attack. x2
You slice the merfolk impaler!! You burn the merfolk impaler!
You kill the merfolk impaler!
You hear a splash. x2
You closely miss the merfolk impaler. You block the merfolk impaler's attack.
You barely miss the merfolk impaler.
The merfolk impaler is moderately wounded.
You block the merfolk impaler's attack.
You completely miss the merfolk impaler.
The merfolk impaler is moderately wounded.
You block the merfolk impaler's attack.
You miss the merfolk impaler.
The merfolk impaler is moderately wounded.
The merfolk impaler hits you with a +4 trident of freezing!
* * * LOW MAGIC WARNING * * *
You die...

#.≈≈≈≈≈≈≈≈≈≈≈≈≈..(.....≈≈≈≈≈≈≈≈#
#..≈≈≈≈≈≈≈≈≈≈≈≈≈≈....≈≈≈≈≈≈≈≈≈≈#
#..≈≈≈≈≈≈≈≈≈≈≈≈≈≈....≈≈≈≈≈≈≈≈≈≈#
##..≈≈≈≈≈≈≈≈≈≈≈≈≈≈≈.≈≈≈≈≈≈≈≈≈≈≈≈#
....≈≈≈≈≈≈≈≈≈≈≈..≈≈≈≈≈≈≈≈≈≈≈≈≈≈≈#
..≈≈≈≈≈≈≈≈≈≈≈≈≈.≈≈≈≈≈≈≈≈≈≈≈≈≈≈≈≈#
)....≈≈≈≈≈≈≈≈≈≈≈≈≈≈.≈≈≈≈≈≈≈≈≈≈≈≈#
.#...≈≈≈≈≈≈≈≈≈≈≈m≈)≈≈≈≈≈≈≈≈≈≈≈
####.≈≈≈≈≈≈≈≈≈≈≈≈@≈≈≈≈≈≈≈≈≈≈≈≈ #
#.≈≈≈≈≈≈≈≈≈≈≈≈≈≈≈≈≈≈≈≈≈≈≈≈≈
###..≈≈≈≈≈≈≈≈≈≈≈≈≈≈≈≈≈≈≈≈≈≈≈≈
##..(..≈≈≈≈≈≈≈≈≈≈≈≈≈≈≈≈≈≈≈≈≈≈≈
.....≈..≈≈≈≈≈≈≈≈≈≈≈≈≈≈≈≈≈≈≈≈≈≈
........≈.≈≈≈≈≈≈≈≈≈≈≈≈≈≈≈≈≈≈≈≈
≈≈≈≈≈.....≈≈≈≈≈≈≈≈≈≈≈≈≈≈≈≈≈≈≈≈
≈≈≈≈..≈...≈≈≈≈≈≈≈≈≈≈≈≈≈≈≈≈≈≈≈≈
≈≈≈≈.≈≈........≈..≈≈≈≈≈≈≈≈≈≈≈≈


You could see a merfolk impaler.

Vanquished Creatures
  A kraken (Shoals:3)
  Frances (Spider:1)
  Roxanne (Shoals:1)
  An emperor scorpion (Spider:4)
  4 ghost moths (Spider:4)
  A frost giant (Shoals:4)
  An orc warlord (Orc:1)
  2 very ugly things (IceCv)
  A broodmother (Spider:4)
  A stone giant (D:15)
  Nessos (Lair:4)
  4 spark wasps
  3 entropy weavers
  2 dire elephants (Lair:5)
  3 merfolk impalers
  The ghost of Bimot the Grappler, a journeyman TrGl of Okawaru (Lair:1)
  A merfolk javelineer (Shoals:4)
  A caustic shrike simulacrum (IceCv)
  4 vault guards
  Erolcha (D:12)
  An ogre mage (D:15)
  6 hydras
  4 centaur warriors
  Erica (D:8)
  4 merfolk aquamancers
  2 jorogumos
  4 boulder beetles
  3 merfolk avatars
  7 two-headed ogres
  2 radroaches
  3 orc high priests (Orc:2)
  7 death yaks
  A tengu warrior (D:13)
  Sonja (D:11)
  7 sea snakes
  5 skeletal warriors
  2 sun moths
  Amaemon (Lair:3)
  3 spectral death yaks (Lair:5)
  5 steelbarb worms
  A spectral anaconda (Lair:5)
  10 orb spiders
  An obsidian statue (Lair:5)
  A lindwurm (Lair:1)
  2 orange crystal statues (IceCv)
  The ghost of selen22 the Carver, a novice MfGl of Okawaru (D:6)
  6 orc knights
  A deep elf pyromancer (D:15)
  4 necromancers (Lair:5)
  7 orc sorcerers
  14 harpies
  23 wolf spiders
  12 ugly things
  12 manticores
  5 fauns
  5 cyclopes
  5 elephants
  2 moths of wrath
  6 merfolk sirens
  2 black mambas
  A dire elephant zombie (Lair:5)
  Maggie (D:9)
  4 water nymphs
  A gargoyle (D:9)
  An orange demon (Lair:3)
  15 cane toads
  2 torpor snails
  4 demonic crawlers
  3 anaconda simulacra (IceCv)
  8 freezing wraiths
  2 rime drakes (Lair:1)
  2 efreet
  Psyche (D:11)
  A golden dragon simulacrum (IceCv)
  A tengu conjurer (D:13)
  18 komodo dragons
  2 kobold demonologists (D:10)
  2 polar bears
  A wind drake (Shoals:2)
  4 meliai (Spider:4)
  7 trolls
  19 merfolk
  18 tarantellas
  2 spectral elephants (Lair:5)
  A blink frog (Lair:1)
  3 slime creatures (D:12)
  2 snapping turtles
  2 hornets
  10 dream sheep
  Sigmund (D:2)
  17 culicivoras
  18 water elementals
  7 wyverns
  19 jumping spiders
  3 wraiths
  A vampire (D:13)
  5 dire elephant simulacra (IceCv)
  3 shadows
  20 yaks
  A vampire mosquito (D:14)
  24 redbacks
  7 basilisks
  4 steam dragons
  A harpy simulacrum (IceCv)
  Menkaure (D:4)
  2 wargs
  Edmund (D:4)
  3 acid dragons
  Duvessa (D:5)
  3 hydra simulacra (IceCv)
  18 water moccasins
  2 black bears
  An ettin simulacrum (IceCv)
  An ice beast (D:6)
  33 orc warriors
  12 ogres
  19 wolves
  The ghost of Smoky173 the Cudgeller, an amateur DsFi (D:3)
  15 centaurs
  An elephant skeleton (Lair:5)
  A tengu (shapeshifter) (D:15)
  2 phantoms
  7 bullfrogs
  4 kobold brigands
  7 gnoll sergeants
  2 scorpions
  4 cane toad simulacra (Lair:5)
  Dowan (D:5)
  15 wights
  6 killer bees (D:10)
  2 lindwurm simulacra (IceCv)
  An elephant simulacrum (Lair:5)
  2 howler monkeys
  5 electric eels
  7 hounds
  3 jellies
  Crazy Yiuf (D:4)
  8 orc priests
  3 gnoll boudas
  10 iguanas
  11 orc wizards
  11 hell rats (Lair:4)
  Robin (D:4)
  46 gnolls
  5 adders
  A shadow imp (D:6)
  A white imp (D:6)
  An ufetubus (D:6)
  A worm (D:4)
  6 dart slugs
  52 orcs
  7 bats
  7 endoplasms
  3 giant cockroaches
  14 goblins
  8 hobgoblins
  5 jackals
  18 kobolds
  6 quokkas
  10 ball pythons
  3 frilled lizards
  6 rats
  2 tentacles (Shoals:3)
923 creatures vanquished.

Vanquished Creatures (collateral kills)
  A jumping spider (Spider:4)
  A yak (D:11)
  An ogre (D:11)
3 creatures vanquished.

Vanquished Creatures (others)
  An emperor scorpion (Spider:4)
  Lodul (D:11)
  An orc wizard (D:7)
  An orc (D:7)
  26 fungi
  82 plants
  2 tentacles (Shoals:3)
  22 withered plants (Lair:5)
136 creatures vanquished.

Grand Total: 1062 creatures vanquished

Notes
Turn   | Place    | Note
-------+----------+-------------------------------------------
     0 | D:1      | CannotBeFrozen the Demigod Fighter began the quest for the
                  | Orb.
     0 | D:1      | Reached XP level 1. HP: 18/18 MP: 3/3
   161 | D:1      | Reached skill level 2 in Axes
   526 | D:1      | Reached XP level 2. HP: 25/25 MP: 4/4
  1096 | D:1      | Reached XP level 3. HP: 31/31 MP: 5/5
  1584 | D:2      | Noticed Sigmund
  1824 | D:3      | Found the +1 Delatra's gloves {ID++}
  1848 | D:3      | Found Lutoler's Armour Shop.
  1909 | D:3      | Reached skill level 3 in Axes
  1978 | D:3      | Reached XP level 4. HP: 32/38 MP: 6/6
  2079 | D:3      | Found a runed translucent door.
  2080 | D:3      | Noticed Smoky173's ghost (amateur DsFi)
  3018 | D:4      | Noticed Robin
  3039 | D:4      | Killed Robin
  3080 | D:4      | Noticed Menkaure
  3234 | D:4      | Noticed an ogre
  3236 | D:4      | Reached XP level 5. HP: 43/45 MP: 5/7
  3278 | D:4      | Reached skill level 4 in Axes
  3474 | D:4      | Noticed Edmund
  3495 | D:4      | Killed Edmund
  3496 | D:4      | Reached XP level 6. HP: 18/52 MP: 2/8
  3810 | D:4      | Reached skill level 5 in Axes
  3930 | D:4      | Found a runed translucent door.
  3931 | D:4      | Noticed Crazy Yiuf
  4232 | D:4      | Reached XP level 7. HP: 55/60 MP: 9/9
  4378 | D:4      | Killed Menkaure
  4472 | D:4      | Killed Crazy Yiuf
  4475 | D:4      | Identified the +8 hammer "Highunn" {vamp, rPois rF+}
  4546 | D:3      | Killed Smoky173's ghost
  5065 | D:2      | Killed Sigmund
  5066 | D:2      | Reached skill level 5 in Fighting
  5066 | D:2      | Reached skill level 6 in Axes
  5066 | D:2      | Reached skill level 5 in Armour
  5186 | D:5      | Entered Level 5 of the Dungeon
  5186 | D:5      | Noticed Duvessa
  5187 | D:5      | Noticed Dowan
  5197 | D:5      | Killed Duvessa
  5200 | D:5      | Killed Dowan
  5205 | D:5      | Reached XP level 8. HP: 68/68 MP: 7/10
  5358 | D:5      | Reached skill level 7 in Axes
  5816 | D:6      | Found a transporter.
  5818 | D:6      | Identified the +4 kite shield "Jexkeage" {Will+ Dex+2}
  5871 | D:6      | Found a transporter.
  5881 | D:6      | Noticed selen22's ghost (novice MfGl)
  6535 | D:6      | Reached skill level 8 in Axes
  6971 | D:7      | Reached XP level 9. HP: 35/75 MP: 11/11
  7413 | D:7      | Found a staircase to the Ecumenical Temple.
  7431 | D:7      | Reached skill level 9 in Axes
  7704 | D:7      | Found a large runed translucent door.
  7704 | D:7      | Found a large runed translucent door.
  8183 | D:7      | Identified the +6 rapier "Bet Goav" {chaos, rElec rF- rC+}
  8603 | D:8      | Reached XP level 10. HP: 83/86 MP: 13/13
  8608 | D:8      | Reached skill level 10 in Axes
  8629 | D:8      | Found a staircase to the Lair.
  9118 | D:8      | Noticed Erica
  9130 | D:8      | Killed Erica
  9401 | D:8      | Identified the +8 longbow of False Accusations {venom,
                  | rN+++ Str+5 Int-5}
  9571 | D:9      | Noticed Maggie
  9583 | D:9      | Killed Maggie
  9697 | D:9      | Reached skill level 11 in Axes
 10368 | D:9      | Found a staircase to the Orcish Mines.
 10541 | D:10     | Entered Level 10 of the Dungeon
 10780 | D:10     | Found a transporter.
 10837 | D:10     | Noticed a sixfirhy
 10847 | D:10     | Reached XP level 11. HP: 95/95 MP: 14/14
 10937 | D:10     | Found a transporter.
 11759 | D:6      | Killed selen22's ghost
 12105 | D:11     | Found a portal to a secret trove of treasure.
 12117 | D:10     | Reached skill level 1 in Evocations
 12452 | D:11     | Noticed Sonja
 12455 | D:11     | Killed Sonja
 12473 | D:11     | Noticed Lodul
 12868 | D:11     | Noticed Psyche
 12877 | D:11     | Killed Psyche
 12927 | D:11     | Reached skill level 5 in Evocations
 12929 | D:11     | Your ally Lodul died
 13177 | D:12     | Reached skill level 12 in Axes
 13177 | D:12     | Reached skill level 1 in Dodging
 13245 | D:12     | Noticed a two-headed ogre
 13271 | D:12     | Killed a two-headed ogre
 13359 | D:12     | Noticed a six-headed hydra
 13391 | D:12     | Killed a six-headed hydra
 13635 | D:12     | Noticed a five-headed hydra
 13647 | D:12     | Killed a five-headed hydra
 13762 | D:12     | Noticed Erolcha
 13778 | D:12     | Killed Erolcha
 14145 | D:12     | Noticed a skeletal warrior
 14266 | Orc:1    | Entered Level 1 of the Orcish Mines
 14334 | Orc:1    | Found Qebon's Weapon Boutique.
 14451 | Orc:2    | Entered Level 2 of the Orcish Mines
 14547 | Orc:2    | Found a staircase to the Elven Halls.
 14554 | Orc:2    | Noticed an orc high priest
 14560 | Orc:2    | Noticed an orc knight
 14564 | Orc:2    | Killed an orc high priest
 14565 | Orc:2    | Reached XP level 12. HP: 84/105 MP: 15/15
 14702 | Orc:2    | Found Pablunau's Jewellery Boutique.
 14719 | Orc:2    | Found Caofool's Magic Scroll Emporium.
 15261 | Orc:2    | Noticed a two-headed ogre
 15273 | Orc:2    | Killed a two-headed ogre
 15278 | Orc:2    | Reached skill level 5 in Shields
 15308 | Orc:2    | Noticed an orc warlord
 15315 | Orc:2    | Found Neogon's Antique Weapon Shop.
 15374 | Orc:1    | Killed an orc warlord
 15739 | Orc:2    | Reached skill level 10 in Armour
 15752 | Orc:2    | Reached skill level 10 in Fighting
 16026 | Orc:2    | Found Zistoc's General Store.
 16263 | Orc:2    | Reached skill level 5 in Dodging
 16308 | Orc:2    | Found Taitaeg's Antique Armour Shop.
 16607 | Orc:2    | Bought a glowing broad axe for 196 gold pieces
 16607 | Orc:2    | Bought a masterwork battleaxe for 322 gold pieces
 16607 | Orc:2    | Identified the +7 battleaxe "Jellybane" {freeze, rElec rF-
                  | Dex+3 Stlth+} (You bought it in a shop on level 2 of the
                  | Orcish Mines)
 16636 | Orc:2    | Bought the brooch of Shielding {Spirit SH+8} for 845 gold
                  | pieces
 16636 | Orc:2    | Found the brooch of Shielding {Spirit SH+8}
 16861 | Lair:1   | Entered Level 1 of the Lair of Beasts
 16913 | Lair:1   | Reached skill level 13 in Axes
 17192 | Lair:1   | Got the Compilation of the Twisted Volcanoes
 17325 | Lair:1   | Noticed a boulder beetle
 17336 | Lair:1   | Killed a boulder beetle
 17390 | Lair:1   | Noticed a five-headed hydra
 17390 | Lair:1   | Noticed an eight-headed hydra
 17399 | Lair:1   | Killed a five-headed hydra
 17404 | Lair:1   | Killed a one-headed hydra
 17405 | Lair:1   | Reached XP level 13. HP: 50/113 MP: 7/16
 17676 | Lair:1   | Found a runed translucent door.
 17679 | Lair:1   | Noticed Bimot's ghost (journeyman TrGl)
 18010 | Lair:1   | Killed Bimot's ghost
 18661 | Lair:2   | Reached skill level 14 in Axes
 18957 | Lair:3   | Found a hole to the Spider Nest.
 19033 | Lair:3   | Noticed Amaemon
 19042 | Lair:3   | Killed Amaemon
 19125 | Lair:3   | Identified the +5 battleaxe of Inoce {elec, Will+ MP+9
                  | Dex+4}
 19208 | Lair:3   | Found a staircase to the Shoals.
 19641 | Lair:4   | Noticed Nessos
 19652 | Lair:4   | Killed Nessos
 20553 | Lair:5   | Entered Level 5 of the Lair of Beasts
 21003 | Lair:5   | Found a staircase to the Slime Pits.
 21207 | Lair:5   | Reached skill level 10 in Shields
 21255 | Lair:4   | Reached skill level 15 in Axes
 21271 | Lair:4   | Reached XP level 14. HP: 76/121 MP: 10/17
 21779 | Lair:5   | Identified the +0 ring mail of Ocvet {Stlth+}
 22377 | Lair:5   | Reached skill level 16 in Axes
 22539 | Lair:5   | Identified a scroll of acquirement
 22539 | Lair:5   | Acquired the +3 pair of seven-league boots {Rampage+∞}
 22539 | Lair:5   | Found the +3 pair of seven-league boots {Rampage+∞}
 23771 | D:13     | Reached skill level 17 in Axes
 24846 | D:14     | Reached skill level 18 in Axes
 24858 | D:14     | Found a gate to the Vaults.
 25361 | D:15     | Entered Level 15 of the Dungeon
 25469 | D:15     | Reached XP level 15. HP: 110/126 MP: 16/18
 25482 | D:15     | Found a frozen archway.
 25508 | IceCv    | Entered an ice cave
 25514 | IceCv    | HP: 3/126 [dire elephant simulacrum (13)]
 25527 | IceCv    | HP: 6/126 [dire elephant simulacrum (17)]
 26430 | IceCv    | Identified the ring "Rioc" {rC+ Dex+3}
 26870 | D:15     | Found a staircase to the Depths.
 27492 | Spider:1 | Entered Level 1 of the Spider Nest
 27787 | Spider:1 | Found a runed translucent gate.
 27790 | Spider:1 | Found a runed translucent gate.
 27791 | Spider:1 | Found a runed translucent gate.
 27810 | Spider:1 | Noticed Garessta's ghost (journeyman DjSu)
 27850 | Spider:1 | Noticed Frances
 27860 | Spider:1 | Killed Frances
 28959 | Spider:2 | HP: 2/128 [disintegration (19)]
 30841 | Spider:3 | Identified the +2 robe "Hannaant" {rN++ Will-}
 31121 | Spider:4 | Entered Level 4 of the Spider Nest
 31754 | Spider:4 | Reached XP level 16. HP: 137/137 MP: 19/19
 33340 | Spider:4 | Identified the +1 hat of the Bulwark {Fly}
 33348 | Spider:4 | Got a gossamer rune of Zot
 33581 | Shoals:1 | Entered Level 1 of the Shoals
 33624 | Shoals:1 | Noticed Roxanne
 33653 | Shoals:1 | Killed Roxanne
 34901 | Shoals:2 | Identified the +0 plate armour of the Frog {rCorr}
 35095 | Shoals:2 | Found Istriar's Assorted Antiques.
 36205 | Shoals:3 | Noticed a kraken
 36224 | Shoals:3 | Killed a kraken
 36558 | Shoals:4 | Entered Level 4 of the Shoals
 36574 | Shoals:4 | Noticed Ilsuiw
 36898 | Shoals:4 | Found a gateway to a bazaar.
 36959 | Shoals:4 | Reached skill level 10 in Dodging
 36959 | Shoals:4 | Reached skill level 10 in Evocations
 36967 | Shoals:4 | HP: 6/139 [merfolk impaler/+0 demon trident of freezing
                  | (2)]
 36969 | Shoals:4 | Reached skill level 1 in Spellcasting
 36971 | Shoals:4 | HP: 1/139 [merfolk impaler/+4 trident of freezing (9)]
 36979 | Shoals:3 | Slain by a merfolk impaler

Illustrated notes

Levels and vault maps discovered:
D:1:      onia_arrival_pentagram, layout_basic, serial_bayou_ford_a,
          minmay_misc_feat_five
D:2:      layout_basic, uniq_sigmund
D:3:      layout_basic, lemuel_tele_altar, nzn_wu_jian_council_hall,
          serial_shops, shop, gammafunk_ghost_grave, guppyfry_early_orc_mine
D:4:      minmay_razor_zed, layout_cave_pools, grunt_temple_overflow_bloody_war,
          doesnt_xom_only_xom, uniq_crazy_yiuf_cottage, uniq_menkaure,
          uniq_edmund, uniq_robin
D:5:      layout_basic, mainiacjoe_overflow_alcove_2,
          mainiacjoe_overflow_tiny_flanked, kennysheep_generic_room_16,
          uniq_duvessa
D:6:      layout_loops_ring, gammafunk_ghost_gnarly_gnolls
D:7:      due_chaos_kobolds, layout_loops_cross,
          mainiacjoe_overflow_six_doors_small,
          mainiacjoe_overflow_cross_hatched, overflow_temple_1_default,
          minmay_temple_entry_statues_pillars, minmay_liquid_box
D:8:      layout_gridville, grunt_temple_overflow_gold_and_silver,
          elyvilon_altar_1, minmay_lair_entry_grove, uniq_erica
D:9:      layout_small_grid, lemuel_round_altar, david_orc_4, uniq_maggie
D:10:     layout_basic, evilmike_ruin_ashenzari, nicolae_diode_stairs
D:11:     layout_small_grid, enter_trove_0, uniq_psyche, uniq_lodul, uniq_sonja
D:12:     layout_irregular_city, uniq_erolcha
D:13:     layout_long_grid, serial_rivers, chequers_serial_rivers_small_b,
          chequers_serial_rivers_large_a, chequers_serial_rivers_room_a,
          chequers_serial_rivers_marsh, nemelex_xobeh_ov_fountains_minmay
D:14:     layout_basic, lightli_vaults_fourway_checkpoint, solitary_fountain
D:15:     grunt_enter_depths_giant_problem, layout_loops_ring,
          minmay_misc_feat_tiny, portal_ice_cave_entry_frozen_things
Lair:1:   beast_lair_carwin_large_3, layout_concentric_octagons,
          gammafunk_ghost_grave, minmay_shattered_shrine
Lair:2:   layout_loops_ring, lemuel_centaur_altar
Lair:3:   layout_misc_corridors, shoals_dummy_entry,
          nicolae_spider_entry_tight_spaces, infiniplex_staircase_pool_2,
          uniq_amaemon
Lair:4:   layout_hall_layers, chequers_serial_rivers_micro_c, uniq_nessos
Lair:5:   due_jungle_book, layout_regular_city, slime_entry_1,
          wad_woods_river_01, serial_bayou_shore_a
Shoals:1: layout_shoals, nicolae_shoals_arrival_archipelago, uniq_roxanne
Shoals:2: layout_shoals, serial_shops, nicolae_shop_overgrown_old_shop
Shoals:3: layout_shoals, abandoned_shop
Shoals:4: shoals_end_grunt_ice, layout_shoals, shoals_ilsuiw_ice, serial_shops,
          bzr_entry_water, uniq_polyphemus
Spider:1: layout_spider_delve, gammafunk_ghost_tricky_traps, uniq_frances
Spider:2: layout_cave_pods
Spider:3: cheibrodos_spider_silkery
Spider:4: grunt_spider_rune_island
Orc:1:    layout_caves, basic_altar, serial_shops, shop, mines2_lemuel
Orc:2:    grunt_orc_gardens, layout_diamond_mine, grunt_orc_garden,
          grunt_orc_garden, grunt_orc_garden, grunt_orc_garden, serial_shops,
          nicolae_shop_temple_entry_statues_fountains

Skill      XL: |  1  2  3  4  5  6  7  8  9 10 11 12 13 14 15 16 |
---------------+-------------------------------------------------+-----
Axes           | 2 3 4 5 6 8 9 11 12 13 15 18 | 18.0
Armour         | 3 4 5 6 7 8 9 10 11 12 | 12.0
Fighting       | 3 4 5 6 7 8 9 10 11 12 | 12.0
Evocations     | 5 7 10 | 10.0
Dodging        | 2 5 7 10 | 10.0
Shields        | 4 7 10 11 12 | 12.0
Spellcasting   | 1 |  1.5

Action                   |  1- 3 |  4- 6 |  7- 9 | 10-12 | 13-15 | 16-18 || total
-------------------------+-------+-------+-------+-------+-------+-------++-------
Melee: War axe           |   109 |   124 |     7 |   451 |   368 |       ||  1059
       Mace              |       |       |   329 |   175 |       |       ||   504
       Broad axe         |       |       |       |    18 |   868 |   499 ||  1385
       Battleaxe         |       |       |       |       |    53 |       ||    53
Throw: Dart              |       |     6 |     2 |    14 |       |       ||    22
       Stone             |       |     1 |     1 |       |       |       ||     2
Evoke: Wand              |       |       |       |     3 |     8 |    17 ||    28
  Use: Scroll            |       |     7 |     9 |    10 |    11 |     4 ||    41
       Potion            |       |       |       |     5 |     7 |     8 ||    20
Armor: Scale mail        |    55 |       |       |       |       |       ||    55
       Chain mail        |    22 |    19 |       |       |       |       ||    41
       Plate armour      |       |    93 |   283 |   270 |   462 |   189 ||  1297
Dodge: Dodged            |    36 |    44 |    88 |   134 |   242 |   119 ||   663
Block: Buckler           |    24 |    26 |   103 |       |    25 |       ||   178
       Kite shield       |       |       |    73 |   588 |  1194 |   528 ||  2383
       Reflection        |       |       |     3 |    17 |       |       ||    20
       Other             |       |       |       |       |    37 |       ||    37

Table legend: (Time is in decaauts)
 A = Elapsed time spent in this place.
 B = Non-inter-level travel time spent in this place.
 C = Inter-level travel time spent in this place.
 D = Time resting spent in this place.
 E = Time spent auto-exploring this place.
 F = Levels seen in this place.
 G = Mean time per level.
                   A        B        C        D        E       F      G
               +--------+--------+--------+--------+--------+-----+--------+
         Total |  37045 |  34800 |   2245 |   8862 |  17391 |  31 | 1195.0 |
       Dungeon |  18015 |  16593 |   1422 |   3107 |   9309 |  15 | 1201.0 |
          Lair |   6278 |   5953 |    325 |    893 |   3804 |   5 | 1255.6 |
        Shoals |   3328 |   3206 |    122 |    992 |   1205 |   4 |  832.0 |
   Spider Nest |   5949 |   5662 |    287 |   2168 |   2123 |   4 | 1487.2 |
  Orcish Mines |   2519 |   2432 |     87 |   1142 |    754 |   2 | 1259.5 |
      Ice Cave |    954 |    954 |      0 |    558 |    195 |   1 |  954.0 |
               +--------+--------+--------+--------+--------+-----+--------+

Top non-repeatable levels by time:
Spider:4: 2274 daAuts
  Lair:5: 2262 daAuts
Spider:1: 1884 daAuts
     D:7: 1707 daAuts
     D:3: 1567 daAuts
    D:12: 1563 daAuts
     D:6: 1436 daAuts
     D:4: 1375 daAuts
   Orc:2: 1320 daAuts
     D:1: 1315 daAuts
    D:10: 1310 daAuts
     D:8: 1289 daAuts
Shoals:1: 1273 daAuts
   Orc:1: 1198 daAuts
Shoals:3: 1195 daAuts
